 Dungeon Crawl Stone Soup version 0.23.1 (webtiles) character file.

Game seed: 0

141 night the Ruffian (level 5, -6/39 HPs)
             Began as a Demonspawn Gladiator on Mar 6, 2019.
             Mangled by Natasha (8 damage)
             ... on level 2 of the Dungeon.
             The game lasted 00:05:53 (2146 turns).

night the Ruffian (Demonspawn Gladiator)            Turns: 2146, Time: 00:05:55

Health: -6/39      AC:  7    Str: 16    XL:     5   Next: 3%
Magic:  5/5        EV: 12    Int:  9    God:
Gold:   160        SH:  0    Dex: 14    Spells: 4/4 levels left

rFire    . . .     SeeInvis .     - Unarmed
rCold    . . .     Gourm    .   (no shield)
rNeg     . . .     Faith    .   f - +0 ring mail
rPois    .         Spirit   .   (helmet restricted)
rElec    .         Reflect  .   (no cloak)
rCorr    .         Harm     .   (no gloves)
MR       .....                  (no boots)
Stlth    +.........             (no amulet)
HPRegen  0.13/turn              (no ring)
MPRegen  0.09/turn              (no ring)

@: slowed, very slow
A: antennae 1, thin metallic scales 1
a: no special abilities


You were on level 2 of the Dungeon.
You were not hungry.

You visited 1 branch of the dungeon, and saw 2 of its levels.

You collected 160 gold pieces.

Inventory:

Missiles
 c - 5 throwing nets (quivered)
 g - 77 stones
Armour
 a - a +0 leather armour
 b - a +0 helmet
 f - a +0 ring mail (worn)
Wands
 l - a wand of flame (19)
Scrolls
 i - a scroll of immolation {unknown}
 j - 3 scrolls of teleportation {unknown}
 k - 2 scrolls of remove curse
 m - a scroll of blinking {unknown}
Comestibles
 d - 4 rations
 h - 10 chunks of flesh


   Skills:
 + Level 2.4 Fighting
 + Level 1.8 Throwing
 + Level 1.2 Armour
 + Level 3.3 Dodging
 + Level 0.4 Stealth
 + Level 4.2 Unarmed Combat


You had 4 spell levels left.
You didn't know any spells.
Your spell library was empty.

Dungeon Overview and Level Annotations

Branches:
Dungeon (2/15)

Altars:

Annotations:
D:2 Natasha


Innate Abilities, Weirdness & Mutations

You have a pair of small antennae on your head.
You are partially covered in thin metallic scales. (AC +2)


Message History

You are too injured to fight recklessly!
You aren't carrying any potions.
As you read the scroll labeled SIWECUIMYI, it crumbles to dust.
You feel blessed for a moment.
It was a scroll of remove curse.
Natasha claws you.
* * * LOW HITPOINT WARNING * * *
Natasha claws you.
* * * LOW HITPOINT WARNING * * *
Evoke which item? (* to show all) (? for menu, Esc to quit)
Aiming: Throw Flame
Press: ? - help, Shift-Dir - straight line, f - Natasha
Aim: Natasha (fast)
The puff of flame hits Natasha.
Natasha is lightly wounded.
Natasha mumbles some strange words.
Natasha hisses.
Natasha claws you.
* * * LOW HITPOINT WARNING * * *
Natasha claws you!
You die...

#.####.........## ##
#.##............## #.
#........######..####.
#......#.# ##......
#.....#..######...###.
###......###.....#.##..
##....#####...##.......#
#...........###..##.####
#........@..#.....###..#
..#......h.............#
.......5....############
###..)..>...#
###########


You could see Natasha and a crimson imp.

Vanquished Creatures
  Natasha (twice) (D:2)
  A gnoll (D:1)
  An adder (D:2)
  6 dart slugs
  2 leopard geckos
  3 giant cockroaches (D:1)
  13 goblins
  11 hobgoblins
  5 kobolds
  3 bats
  A frilled lizard (D:1)
  8 rats
56 creatures vanquished.

Notes
Turn   | Place    | Note
-------+----------+-------------------------------------------
     0 | D:1      | night the Demonspawn Gladiator began the quest for the Orb.
     0 | D:1      | Reached XP level 1. HP: 16/16 MP: 1/1
   156 | D:1      | Gained mutation: You are partially covered in thin metallic
                  | scales. (AC +2) [demonic ancestry]
   156 | D:1      | Reached XP level 2. HP: 18/22 MP: 2/2
   191 | D:1      | Reached skill level 3 in Unarmed Combat
   683 | D:1      | Reached XP level 3. HP: 16/28 MP: 3/3
  1429 | D:2      | Gained mutation: You have a pair of small antennae on your
                  | head. [demonic ancestry]
  1429 | D:2      | Reached XP level 4. HP: 28/34 MP: 4/4
  1541 | D:2      | Noticed Natasha
  1558 | D:2      | HP: 1/34 [hobgoblin (2)]
  1994 | D:2      | Killed Natasha
  1994 | D:2      | Reached skill level 1 in Armour
  1994 | D:2      | Reached skill level 4 in Unarmed Combat
  2089 | D:2      | Noticed Natasha
  2096 | D:2      | Killed Natasha
  2096 | D:2      | Reached XP level 5. HP: 39/39 MP: 5/5
  2138 | D:2      | Noticed Natasha
  2146 | D:2      | Mangled by Natasha

Skill      XL: |  1  2  3  4 |
---------------+-------------+-----
Dodging        | 3 |  3.3
Unarmed Combat | 3 4 |  4.2
Armour         | 1 |  1.2
Fighting       | |  2.4
Throwing       | |  1.8
Stealth        | |  0.4

Action                   |  1- 3 |  4- 6 || total
-------------------------+-------+-------++-------
Melee: Unarmed           |   176 |    72 ||   248
       Punch             |     6 |       ||     6
Evoke: Wand              |       |     1 ||     1
  Use: Potion            |       |     1 ||     1
       Scroll            |       |     1 ||     1
 Stab: Distracted        |       |     1 ||     1
  Eat: Chunk             |     2 |     2 ||     4
Armor: Leather armour    |     6 |       ||     6
       Ring mail         |    35 |    20 ||    55
Dodge: Dodged            |    90 |    59 ||   149
